NCAA
SETON HALL PIRATES @ PENN STATE NITTANY LIONS
04/02/2029
 
TOP OF THE 1ST
Seton Hall Pirates batting - Pitching for Penn State Nittany Lions : RHP Todd Comparón
Pitching: RHP Todd Comparón
Batting: RHB Ken Horn 0-0: Called Strike
0-1: Ball
1-1: Foul Ball, location: 2F
1-2: SINGLE (Groundball, 6MD)
Batting: LHB Vernon Riley 0-0: Called Strike
0-1: Ball
1-1: Ball
2-1: Swinging Strike
2-2: Fly out, F8 (Flyball, 8RD)
Batting: SHB David Bennett 0-0: Ball
1-0: Ball
2-0: Called Strike
2-1: Foul Ball, location: 2F
2-2: Ball
Ken Horn is caught stealing 2nd base
3-2: Reached on error, E7 (Flyball, 7LM)
Batting: LHB Travis Jefferson 0-0: Ground out 5-3 (Groundball, 56S)
Top of the 1st over - 0 runs, 1 hit, 1 error, 1 left on base; Seton Hall 0 - Penn State 0
BOTTOM OF THE 1ST
Penn State Nittany Lions batting - Pitching for Seton Hall Pirates : LHP Rory Black
Pitching: LHP Rory Black
Batting: RHB Lane Wilcox 0-0: Ground out 6-3 (Groundball, 6M)
Batting: RHB Steffen Hansen 0-0: Swinging Strike
0-1: Fly out, F3 (Popup, 34)
Batting: LHB Ángel Santos 0-0: Called Strike
0-1: SINGLE (Groundball, 4MD)
Batting: SHB Francisco Madrigal 0-0: Ball
1-0: Ball
2-0: Ball
3-0: Called Strike
3-1: Called Strike
3-2: Base on Balls
Ángel Santos to second
Batting: LHB Jerry Koch 0-0: Ball
1-0: Ball
2-0: Fly out, F7 (Line Drive, 7S)
Bottom of the 1st over - 0 runs, 1 hit, 0 errors, 2 left on base; Seton Hall 0 - Penn State 0
TOP OF THE 2ND
Seton Hall Pirates batting - Pitching for Penn State Nittany Lions : RHP Todd Comparón
Batting: LHB Joe Rutherford 0-0: Foul Ball, location: 2F
0-1: Ball
1-1: Ground out 4-3 (Groundball, 4S)
Batting: RHB Joe Lord 0-0: Ball
1-0: Hit by Pitch
Batting: RHB Matt Hidalgo 0-0: Called Strike
0-1: Fielders Choice at 2nd, 1-6 (Groundball, 13)
Batting: LHB Turner Burns 0-0: Ball
1-0: Ball
2-0: SINGLE (Line Drive, 89S)
Matt Hidalgo to second
Batting: RHB Ray Hernández 0-0: Fly out, F8 (Flyball, 8RD)
Top of the 2nd over - 0 runs, 1 hit, 0 errors, 2 left on base; Seton Hall 0 - Penn State 0
BOTTOM OF THE 2ND
Penn State Nittany Lions batting - Pitching for Seton Hall Pirates : LHP Rory Black
Batting: SHB Danny Parkins 0-0: Called Strike
0-1: Ball
1-1: Ball
2-1: Ball
3-1: Fly out, F8 (Flyball, 8LD)
Batting: LHB Mauro Flores 0-0: Called Strike
0-1: Swinging Strike
0-2: Strikes out swinging
Batting: RHB Greg Coleman 0-0: Ball
1-0: Foul Ball, location: 2F
1-1: Fly out, F8 (Flyball, 8LD)
Bottom of the 2nd over - 0 runs, 0 hits, 0 errors, 0 left on base; Seton Hall 0 - Penn State 0
TOP OF THE 3RD
Seton Hall Pirates batting - Pitching for Penn State Nittany Lions : RHP Todd Comparón
Batting: RHB Ken Horn 0-0: Ball
1-0: Ball
2-0: Called Strike
2-1: SINGLE (Line Drive, 56)
Batting: LHB Vernon Riley 0-0: Called Strike
0-1: Foul Ball, location: 2F
0-2: Ball
1-2: Foul Ball, location: 2F
1-2: Foul Ball, location: 2F
1-2: Fly out, F9 (Flyball, 89M)
Batting: SHB David Bennett 0-0: Called Strike
0-1: Ground out 4-3 (Groundball, 4S)
Ken Horn to second
Batting: LHB Travis Jefferson 0-0: SINGLE (Line Drive, 3D)
Ken Horn to third
Runner from 3rd tries for Home, SAFE, throw made home
Travis Jefferson to second
Batting: LHB Joe Rutherford 0-0: Ball
1-0: Ball
2-0: Foul Ball, location: 2F
2-1: Swinging Strike
2-2: Strikes out swinging
Top of the 3rd over - 1 run, 2 hits, 0 errors, 1 left on base; Seton Hall 1 - Penn State 0
BOTTOM OF THE 3RD
Penn State Nittany Lions batting - Pitching for Seton Hall Pirates : LHP Rory Black
Batting: LHB Damian West 0-0: Called Strike
0-1: Ball
1-1: Called Strike
1-2: Foul Ball, location: 2F
1-2: Ball
2-2: Fly out, F8 (Flyball, 78M)
Batting: RHB Lane Wilcox 0-0: Called Strike
0-1: Fly out, F3 (Popup, 3SF)
Batting: RHB Steffen Hansen 0-0: Called Strike
0-1: Ball
1-1: Ball
2-1: Foul Ball, location: 2F
2-2: Foul Ball, location: 2F
2-2: Ball
3-2: Ground out 6-3 (Groundball, 56D)
Bottom of the 3rd over - 0 runs, 0 hits, 0 errors, 0 left on base; Seton Hall 1 - Penn State 0
TOP OF THE 4TH
Seton Hall Pirates batting - Pitching for Penn State Nittany Lions : RHP Todd Comparón
Batting: RHB Joe Lord 0-0: Called Strike
0-1: Ball
1-1: Ball
2-1: Ball
3-1: Called Strike
3-2: Strikes out swinging
Batting: RHB Matt Hidalgo 0-0: Ball
1-0: Ball
2-0: Ground out 4-3 (Groundball, 4)
Batting: LHB Turner Burns 0-0: Ball
1-0: Bunt for hit - play at first, batter OUT! 3-4
Top of the 4th over - 0 runs, 0 hits, 0 errors, 0 left on base; Seton Hall 1 - Penn State 0
BOTTOM OF THE 4TH
Penn State Nittany Lions batting - Pitching for Seton Hall Pirates : LHP Rory Black
Batting: LHB Ángel Santos 0-0: Ball
1-0: Called Strike
1-1: Foul Ball, location: 2F
1-2: Foul Ball, location: 2F
1-2: Ball
2-2: Ball
3-2: Foul Ball, location: 2F
3-2: Ground out 5-3 (Groundball, 5)
Batting: SHB Francisco Madrigal 0-0: Swinging Strike
0-1: Swinging Strike
0-2: Foul Ball, location: 2F
0-2: Strikes out swinging
Batting: LHB Jerry Koch 0-0: SINGLE (Line Drive, 9S)
Batting: SHB Danny Parkins 0-0: Called Strike
0-1: Fly out, F9 (Flyball, 9LMF)
Bottom of the 4th over - 0 runs, 1 hit, 0 errors, 1 left on base; Seton Hall 1 - Penn State 0
TOP OF THE 5TH
Seton Hall Pirates batting - Pitching for Penn State Nittany Lions : RHP Todd Comparón
Batting: RHB Ray Hernández 0-0: Swinging Strike
0-1: Ball
1-1: Ball
2-1: Called Strike
2-2: Strikes out swinging
Batting: RHB Ken Horn 0-0: Ball
1-0: Called Strike
1-1: Ball
2-1: SINGLE (Line Drive, 89M)
Batting: LHB Vernon Riley 0-0: Ball
Ken Horn steals 2nd base
1-0: Foul Ball, location: 2F
1-1: DOUBLE (Line Drive, 89D)
Ken Horn scores
Batting: SHB David Bennett 0-0: Ball
1-0: Ball
2-0: Ball
3-0: Base on Balls
Batting: LHB Travis Jefferson 0-0: Ball
1-0: DOUBLE (Line Drive, 89XD)
Vernon Riley scores
David Bennett to third
Batting: LHB Joe Rutherford 0-0: Ball
1-0: Called Strike
1-1: 3-RUN HOME RUN (Flyball, 9D), Distance : 363 ft
Pitching: RHP Jim Grant
Batting: RHB Joe Lord 0-0: Ball
1-0: Ground out 5-3 (Groundball, 56)
Batting: RHB Matt Hidalgo 0-0: Foul Ball, location: 2F
0-1: Ball
1-1: Ball
2-1: SINGLE (Flyball, 8RS)
Batting: LHB Turner Burns 0-0: Ball
1-0: Called Strike
1-1: SINGLE (Groundball, 34D)
Matt Hidalgo to second
Runner from 2nd tries for 3rd, SAFE, throw made to third
Batting: RHB Ray Hernández 0-0: Foul Ball, location: 2F
0-1: Ball
1-1: Fielders Choice at 2nd, 5-4 (Groundball, 56)
Top of the 5th over - 5 runs, 6 hits, 0 errors, 2 left on base; Seton Hall 6 - Penn State 0
BOTTOM OF THE 5TH
Penn State Nittany Lions batting - Pitching for Seton Hall Pirates : LHP Rory Black
Batting: LHB Mauro Flores 0-0: Ball
1-0: Ball
2-0: DOUBLE (Line Drive, 9LM)
Batting: RHB Greg Coleman 0-0: SINGLE (Flyball, 89M)
Mauro Flores to third
Batting: LHB Damian West 0-0: Ball
Greg Coleman steals 2nd base
1-0: Fly out, F9 (Flyball, 9)
Batting: RHB Lane Wilcox 0-0: Called Strike
0-1: Swinging Strike
0-2: SINGLE (Line Drive, 8RS)
Mauro Flores scores
Greg Coleman to third
Batting: RHB Steffen Hansen 0-0: Foul Ball, location: 2F
0-1: Fly out, F9 (Flyball, 9LSF)
Runner from 3rd tags up, SCORES, no throw
Batting: LHB Ángel Santos 0-0: Called Strike
0-1: Ball
1-1: Ball
Lane Wilcox is caught stealing 2nd base
Bottom of the 5th over - 2 runs, 3 hits, 0 errors, 0 left on base; Seton Hall 6 - Penn State 2
TOP OF THE 6TH
Seton Hall Pirates batting - Pitching for Penn State Nittany Lions : RHP Jim Grant
Batting: RHB Ken Horn 0-0: Ball
1-0: Called Strike
1-1: Called Strike
1-2: SINGLE (Groundball, 4MD)
Batting: LHB Vernon Riley 0-0: Ball
1-0: Ball
2-0: Ball
3-0: Called Strike
3-1: Base on Balls
Ken Horn to second
Batting: SHB David Bennett 0-0: Swinging Strike
0-1: Swinging Strike
0-2: 3-RUN HOME RUN (Flyball, 9D), Distance : 362 ft
Batting: LHB Travis Jefferson 0-0: Ball
1-0: Ball
2-0: Ball
3-0: Called Strike
3-1: Base on Balls
Batting: LHB Joe Rutherford 0-0: Ball
1-0: Foul Ball, location: 2F
1-1: Swinging Strike
1-2: Fly out, F8 (Flyball, 8LD)
Batting: RHB Joe Lord 0-0: Foul Ball, location: 2F
0-1: Called Strike
0-2: Strikes out swinging
Batting: RHB Matt Hidalgo 0-0: Ball
1-0: SINGLE (Flyball, 9S)
Travis Jefferson to second
Runner from 2nd tries for 3rd, SAFE, throw made to third
Batting: LHB Turner Burns 0-0: Called Strike
0-1: SINGLE (Groundball, 6MD)
Travis Jefferson scores
Matt Hidalgo to second
Runner from 2nd tries for 3rd, OUT!
Top of the 6th over - 4 runs, 4 hits, 0 errors, 1 left on base; Seton Hall 10 - Penn State 2
BOTTOM OF THE 6TH
Penn State Nittany Lions batting - Pitching for Seton Hall Pirates : LHP Rory Black
Batting: LHB Ángel Santos 0-0: Called Strike
0-1: Foul Ball, location: 2F
0-2: Ball
1-2: Ball
2-2: Strikes out swinging
Batting: SHB Francisco Madrigal 0-0: Ball
1-0: Called Strike
1-1: Swinging Strike
1-2: Foul Ball, location: 2F
1-2: Ball
2-2: Ball
3-2: DOUBLE (Line Drive, 9LM)
Pitching: RHP Todd Adams
Batting: LHB Jerry Koch 0-0: Ball
1-0: Ball
2-0: Swinging Strike
2-1: Ball
3-1: Base on Balls
Batting: SHB Danny Parkins 0-0: Ball
1-0: Foul Ball, location: 2F
1-1: Ball
2-1: Ball
3-1: Base on Balls
Francisco Madrigal to third
Jerry Koch to second
Batting: LHB Mauro Flores 0-0: Ball
1-0: Called Strike
1-1: Swinging Strike
1-2: Foul Ball, location: 2F
1-2: Strikes out swinging
Batting: RHB Greg Coleman 0-0: Ball
1-0: Ball
2-0: Called Strike
2-1: Ball
3-1: Base on Balls
Francisco Madrigal scores
Jerry Koch to third
Danny Parkins to second
Batting: LHB Damian West 0-0: Ball
Wild Pitch!
Jerry Koch scores
Danny Parkins to third
Greg Coleman to second
1-0: Foul Ball, location: 2F
1-1: Ball
2-1: Called Strike
2-2: 3-RUN HOME RUN (Flyball, 9LD), Distance : 330 ft
Pitching: RHP Edwin Martin
Batting: RHB Lane Wilcox 0-0: Called Strike
0-1: Called Strike
0-2: Ground out 4-3 (Groundball, 4S)
Bottom of the 6th over - 5 runs, 2 hits, 0 errors, 0 left on base; Seton Hall 10 - Penn State 7
TOP OF THE 7TH
Seton Hall Pirates batting - Pitching for Penn State Nittany Lions : RHP Jim Grant
Pitching: RHP Cullen Rivera
Batting: RHB Ray Hernández 0-0: Called Strike
0-1: Swinging Strike
0-2: Fly out, F8 (Flyball, 8RD)
Batting: RHB Ken Horn 0-0: Fly out, F9 (Flyball, 9)
Batting: LHB Vernon Riley 0-0: Called Strike
0-1: Swinging Strike
0-2: Strikes out swinging
Top of the 7th over - 0 runs, 0 hits, 0 errors, 0 left on base; Seton Hall 10 - Penn State 7
BOTTOM OF THE 7TH
Penn State Nittany Lions batting - Pitching for Seton Hall Pirates : RHP Edwin Martin
Batting: RHB Steffen Hansen 0-0: Ball
1-0: Foul Ball, location: 2F
1-1: Foul Ball, location: 2F
1-2: Fly out, F9 (Flyball, 9D)
Batting: LHB Ángel Santos 0-0: Ball
1-0: SINGLE (Line Drive, 6MD)
Batting: SHB Francisco Madrigal 0-0: Called Strike
0-1: Swinging Strike
0-2: Strikes out looking
Pitching: LHP Keith Case
Batting: LHB Jerry Koch Pickoff Throw to First - Out!
Bottom of the 7th over - 0 runs, 1 hit, 0 errors, 0 left on base; Seton Hall 10 - Penn State 7
TOP OF THE 8TH
Seton Hall Pirates batting - Pitching for Penn State Nittany Lions : RHP Cullen Rivera
Batting: SHB David Bennett 0-0: Ball
1-0: Foul Ball, location: 2F
1-1: DOUBLE (Line Drive, 7D)
Batting: LHB Travis Jefferson 0-0: Called Strike
0-1: Ball
1-1: Ball
2-1: Ground out 1-3 (Groundball, 13S)
David Bennett to third
Batting: LHB Joe Rutherford 0-0: Intentional Walk
Batting: RHB Joe Lord 0-0: Ball
1-0: Foul Ball, location: 2F
1-1: Ball
2-1: Fly out, F8 (Flyball, 89M)
Runner from 3rd tags up, SCORES, throw made
Batting: RHB Matt Hidalgo 0-0: Ball
1-0: Called Strike
1-1: Foul Ball, location: 2F
1-2: Strikes out looking
Top of the 8th over - 1 run, 1 hit, 0 errors, 1 left on base; Seton Hall 11 - Penn State 7
BOTTOM OF THE 8TH
Penn State Nittany Lions batting - Pitching for Seton Hall Pirates : LHP Keith Case
Batting: LHB Jerry Koch 0-0: Ball
1-0: Called Strike
1-1: Ball
2-1: Ball
3-1: Base on Balls
Pitching: RHP Harley Sandberg
Batting: SHB Danny Parkins 0-0: Ball
1-0: Called Strike
1-1: Ball
2-1: Ball
3-1: TRIPLE (Line Drive, 78XD)
Jerry Koch scores
Batting: LHB Mauro Flores 0-0: Ball
1-0: Ball
2-0: Foul Ball, location: 2F
2-1: Foul Ball, location: 2F
2-2: SINGLE (Groundball, 56D)
Danny Parkins scores
Batting: RHB Greg Coleman 0-0: Ball
1-0: Fielders Choice at 2nd, 1-6 (Groundball, 13S)
Batting: LHB Damian West 0-0: Ball
1-0: SINGLE (Line Drive, 78M)
Greg Coleman to second
Batting: RHB Lane Wilcox 0-0: Foul Ball, location: 2F
0-1: Ground out 6-3 (Groundball, 6S)
Greg Coleman to third
Damian West to second
Batting: RHB Steffen Hansen 0-0: Ball
1-0: Ball
2-0: Ball
3-0: Called Strike
3-1: Called Strike
3-2: Base on Balls
Batting: LHB Ángel Santos 0-0: Ball
1-0: Foul Ball, location: 2F
1-1: Called Strike
1-2: Foul Ball, location: 2F
1-2: Ball
2-2: Ground out 6-3 (Groundball, 6D)
Bottom of the 8th over - 2 runs, 3 hits, 0 errors, 3 left on base; Seton Hall 11 - Penn State 9
TOP OF THE 9TH
Seton Hall Pirates batting - Pitching for Penn State Nittany Lions : RHP Cullen Rivera
Batting: LHB Turner Burns 0-0: DOUBLE (Line Drive, 8LD)
Batting: RHB Ray Hernández 0-0: Ball
1-0: Swinging Strike
1-1: Ball
2-1: Ground out 4-3 (Groundball, 4)
Turner Burns to third
Batting: RHB Ken Horn 0-0: Ball
1-0: Ball
2-0: Foul Ball, location: 2F
2-1: Foul Ball, location: 2F
2-2: Ball
3-2: SINGLE (Flyball, 8RS)
Turner Burns scores
Pitching: RHP Bruce Vázquez
Batting: LHB Vernon Riley 0-0: Ball
Throwing error on steal attempt, E2
Ken Horn to third
1-0: Ball
2-0: Ball
3-0: Base on Balls
Batting: SHB David Bennett 0-0: Called Strike
0-1: Foul Ball, location: 2F
0-2: Foul Ball, location: 2F
0-2: Strikes out swinging
Batting: LHB Travis Jefferson 0-0: Called Strike
0-1: Swinging Strike
0-2: Ball
1-2: Strikes out swinging
Top of the 9th over - 1 run, 2 hits, 1 error, 2 left on base; Seton Hall 12 - Penn State 9
BOTTOM OF THE 9TH
Penn State Nittany Lions batting - Pitching for Seton Hall Pirates : RHP Harley Sandberg
Pitching: RHP Tom Skiffington
Now at 2B: Fernando Cuevas
Now in RF: Chris Rigney
Batting: SHB Francisco Madrigal 0-0: Ground out 4-3 (Groundball, 4)
Batting: LHB Jerry Koch 0-0: SINGLE (Groundball, 6MD)
Batting: SHB Danny Parkins 0-0: Called Strike
0-1: SINGLE (Line Drive, 34)
Jerry Koch to second
Batting: LHB Mauro Flores 0-0: Ball
1-0: Ball
2-0: DOUBLE (Line Drive, 8LD)
Jerry Koch scores
Danny Parkins to third
Batting: RHB Greg Coleman 0-0: Called Strike
0-1: Called Strike
0-2: Strikes out swinging
Batting: LHB Damian West 0-0: Foul Ball, location: 2F
0-1: Foul Ball, location: 2F
0-2: Ball
1-2: Ball
2-2: Ball
3-2: Base on Balls
Batting: RHB Lane Wilcox 0-0: Called Strike
0-1: Ball
1-1: Ball
2-1: Ball
3-1: SINGLE (Groundball, 3D)
Danny Parkins scores
Mauro Flores to third
Damian West to second
Runner from 3rd tries for Home, throw and OUT!
Bottom of the 9th over - 2 runs, 4 hits, 0 errors, 2 left on base; Seton Hall 12 - Penn State 11
Saturday, December 16th, 2017 - OOTP Baseball 18.8 Build 76